 Dungeon Crawl Stone Soup version 0.31-a0-1529-g7bd419a0e5 (webtiles) character file.

Game seed: 7757054747831326058

49 dialectric the Trooper (level 3, -8/29 HPs)
             Began as a Demonspawn Fighter on Jan 1, 2024.
             Mangled by an orc
             ... wielding a +2 flail of protection
              (10 damage)
             ... on level 2 of the Dungeon.
             The game lasted 00:00:57 (957 turns).

dialectric the Trooper (Demonspawn Fighter)          Turns: 957, Time: 00:00:57

Health: -8/29      AC:  8    Str: 18    XL:     3   Next: 51%
Magic:  3/3        EV:  9    Int:  8    God:
Gold:   65         SH:  0    Dex: 12    Spells: 2/2 levels left

rFire   . . .        a - +0 flail
rCold   . . .        (no shield)
rNeg    . . .        b - +0 scale mail
rPois   .            (helmet restricted)
rElec   .            f - +1 cloak
rCorr   .            (no gloves)
SInv    .            (no boots)
Will    .....        (no amulet) Stlth
                     (no ring)
HPRegen 0.24/turn    (no ring)
MPRegen 0.08/turn

%: no passive effects
@: invisible
A: horns 1
a: no special abilities


You were on level 2 of the Dungeon.
You visited 1 branch of the dungeon, and saw 2 of its levels.

You collected 65 gold pieces.

Inventory:

Hand Weapons
 a - a +0 flail (weapon)
Missiles
 j - a throwing net
Armour
 b - a +0 scale mail (worn)
 c - a +0 buckler
 f - a +1 cloak (worn)
Scrolls
 e - 2 scrolls of teleportation {unknown}
Potions
 d - 2 potions of might
 h - a potion of cancellation {unknown}
 i - a potion of enlightenment {unknown}
 k - a potion of brilliance {unknown}


   Skills:
 + Level 3.4 Fighting
 + Level 2.3 Maces & Flails
 + Level 3.1 Armour
 + Level 3.1 Shields


You had 2 spell levels left.
You didn't know any spells.
Your spell library was empty.

Dungeon Overview and Level Annotations

Branches:
Dungeon (2/15)

Altars:


Innate Abilities, Weirdness & Mutations

You have a pair of small horns on your head.


Message History

You closely miss the adder. Your headbutt misses the adder.
The adder bites you.
You are poisoned.
The adder poisons you! The adder bites you but does no damage.
You barely miss the adder.
You headbutt the adder, but do no damage.
You feel sick. The adder bites you but does no damage.
The adder barely misses you.
You closely miss the adder.
You feel sick. The adder bites you but does no damage.
You hit the adder.
The adder is lightly wounded.
You feel sick. The adder bites you but does no damage.
The adder barely misses you.
You barely miss the adder. You headbutt the adder.
The adder is heavily wounded.
You feel sick. The adder barely misses you. The adder closely misses you.
You sock the adder!
You kill the adder!
You feel sick.
You are no longer poisoned.
The orc hits you with a +2 flail of protection!
You hit the orc.
The orc is lightly wounded.
The orc hits you with a +2 flail of protection.
* * * LOW HITPOINT WARNING * * *
You hit the orc but do no damage.
The orc is lightly wounded.
The orc hits you but does no damage.
You hit the orc.
The orc is moderately wounded.
The orc hits you but does no damage.
The orc hits you with a +2 flail of protection.
* * * LOW HITPOINT WARNING * * *
Unknown command.
Okay, then.
It was a potion of invisibility.
You fade into invisibility!
The orc hits you with a +2 flail of protection!
You die...

#K #. #h #h #h
. #.
....##.#######
#.....K>o@.#
#....#.###<#
#..#.#.#.# #.#
# # ##..# #.#
.... ... ...##
### .... .#...


You could see an orc (unable to see you) and a kobold (unable to see you).

Vanquished Creatures
  An adder (D:2)
  A dart slug (D:1)
  An orc (D:2)
  A ball python (D:1)
  5 bats (D:1)
  An endoplasm (D:1)
  2 giant cockroaches (D:1)
  4 goblins (D:1)
  A hobgoblin (D:2)
  5 jackals (D:2)
  2 kobolds (D:1)
  A quokka (D:1)
  7 frilled lizards (D:1)
  3 rats (D:1)
35 creatures vanquished.

Notes
Turn   | Place    | Note
-------+----------+-------------------------------------------
     0 | D:1      | dialectric the Demonspawn Fighter began the quest for the
                  | Orb.
     0 | D:1      | Reached XP level 1. HP: 18/18 MP: 1/1
   184 | D:1      | Found a faded altar of an unknown god.
   235 | D:1      | Gained mutation: You have a pair of small horns on your
                  | head. [demonic ancestry]
   235 | D:1      | Reached XP level 2. HP: 24/24 MP: 2/2
   786 | D:1      | Reached XP level 3. HP: 29/29 MP: 3/3
   957 | D:2      | Mangled by an orc

Illustrated notes

Levels and vault maps discovered:
D:1:      sevenhm_arrival_forest_fort_small_1, layout_basic,
          ebering_ecumenical_altar_webs, minmay_lizard_pond
D:2:      cheibrodos_pilgrimage, layout_loops_ring, uniq_crazy_yiuf_cottage,
          uniq_robin

Skill      XL: |  1  2 |
---------------+-------+-----
Maces & Flails | 2 |  2.3
Armour         | 3 |  3.1
Shields        | 3 |  3.1
Fighting       | |  3.4

Action                     || total
---------------------------++-------
  Melee: Flail             ||   108
         Headbutt          ||    15
    Use: Potion            ||     1
 Armour: Scale mail        ||    97
  Dodge: Dodged            ||    58

Table legend: (Time is in decaauts)
 A = Elapsed time spent in this place.
 B = Non-inter-level travel time spent in this place.
 C = Inter-level travel time spent in this place.
 D = Time resting spent in this place.
 E = Time spent auto-exploring this place.
 F = Levels seen in this place.
 G = Mean time per level.
                   A        B        C        D        E       F      G
               +--------+--------+--------+--------+--------+-----+--------+
         Total |    994 |    977 |     17 |      0 |    729 |   2 |  497.0 |
       Dungeon |    994 |    977 |     17 |      0 |    729 |   2 |  497.0 |
               +--------+--------+--------+--------+--------+-----+--------+

Top non-repeatable levels by time:
     D:1: 930 daAuts
     D:2: 63 daAuts
